Unix NetHack Version 5.0.0-0 post-release - last build May 10 2026 23:12:36 (d1fa5d53e341ca933230fdaa984d921c805b60aa,branch:main).

Game began 2026-05-17 03:46:38, ended 2026-05-17 05:10:42.

Brudee, chaotic female human Monk

                   -------
                  .a.s.....
                 ....a@.....
                 ....aH.<...
                 ...........
                  ...------
                   ..

Brudee the Initiate             St:17 Dx:17 Co:12 In:9 Wi:14 Ch:11  Chaotic S:6300
Dlvl:8  $:1204 HP:0(46) Pw:35(35) AC:-3 Xp:7/1124 T:4092  Burdened

Latest messages:
 Please report these messages to devteam@nethack.org.
 Alternatively, contact local support: email nethack@alt.org
 You fall down the stairs.
 The soldier ant bites!
 The soldier ant misses!
 The soldier ant bites!
 The soldier ant stings!
 The soldier ant bites!
 The soldier ant misses!
 The soldier ant just misses!
 The soldier ant misses!
 The soldier ant bites!
 The soldier ant stings!
 The soldier ant bites!
 The soldier ant stings!
 Are you sure you want to pray? [yn] (n) y
 You begin praying to Huan Ti.
 You are surrounded by a shimmering light.
 The soldier ant starts to attack you, but pulls back.
 The soldier ant starts to attack you, but pulls back.
 The giant spider starts to attack you, but pulls back.
 The giant spider starts to attack you, but pulls back.
 The soldier ant starts to attack you, but pulls back.
 The soldier ant starts to attack you, but pulls back.
 The soldier ant starts to attack you, but pulls back.
 The soldier ant starts to attack you, but pulls back.
 The giant spider starts to attack you, but pulls back.
 The soldier ant starts to attack you, but pulls back.
 The soldier ant starts to attack you, but pulls back.
 The minotaur starts to attack you, but pulls back.
 The soldier ant starts to attack you, but pulls back.
 The soldier ant starts to attack you, but pulls back.
 The minotaur starts to attack you, but pulls back.
 You finish your prayer.
 You feel that Huan Ti is well-pleased.
 You feel much better.
 In what direction? j
 The minotaur is blinded by the flash!
 The giant spider bites!
 The soldier ant bites!
 The soldier ant stings!
 The soldier ant bites!
 The soldier ant misses!
 The minotaur hits!
 The minotaur hits again!
 The minotaur butts!
 You die...
 Do you want your possessions identified? [ynq] (y) y
 Do you want to see your attributes? [ynq] (y) y
 Do you want an account of creatures vanquished? [ynaq] (y) q

Inventory:
 Coins    ('$')
  $ - 1204 gold pieces
 Weapons  (')')
  m - a +0 shuriken (at the ready)
 Armor    ('[')
  N - an uncursed +0 helm of brilliance (being worn)
  E - an uncursed +2 pair of leather gloves (being worn)
  F - an uncursed +1 pair of kicking boots (being worn)
  z - an uncursed +0 cloak of displacement
  V - an uncursed +0 oilskin cloak
  b - an uncursed +1 robe (being worn)
 Comestibles  ('%')
  f - 5 uncursed apples
  Q - an uncursed food ration
  h - 4 uncursed fortune cookies
  g - 5 uncursed oranges
 Scrolls  ('?')
  l - a cursed scroll of blank paper
  s - an uncursed scroll of identify
  q - a scroll of mail
 Spellbooks  ('+')
  p - a blessed spellbook of healing
  o - an uncursed spellbook of jumping
  n - an uncursed spellbook of light
  w - an uncursed spellbook of protection
 Wands    ('/')
  r - a wand of probing (0:8)
 Tools    ('(')
  i - an uncursed sack containing 14 items
  D - an uncursed blindfold
  c - a can of grease (0:7)
  a - an expensive camera (0:43)
  Z - a magic marker (0:51)
  j - a magic marker (0:19)
  k - an uncursed magic whistle
  e - an uncursed oil lamp (lit)
  u - a +0 pick-axe
  t - an uncursed skeleton key
  U - an uncursed stethoscope

Contents of the sack:
  a blessed scroll of blank paper
  an uncursed scroll of create monster
  2 cursed scrolls of create monster
  2 uncursed scrolls of light
  an uncursed scroll of scare monster
  an uncursed potion of extra healing
  an uncursed potion of gain energy
  an uncursed potion of gain level
  3 uncursed potions of healing
  a cursed potion of invisibility
  2 uncursed potions of sickness
  9 potions of unholy water
  a cursed ring of aggravate monster
  an uncursed ring of stealth

Brudee the Monk's attributes:

Background:
 You were an Initiate, a level 7 female human Monk.
 You were chaotic, on a mission for Huan Ti
 who was opposed by Shan Lai Ching (lawful) and Chih Sung-tzu (neutral).
 You were right-handed.
 You were in the Gnomish Mines, on level 8.
 You entered the dungeon 4092 turns ago.
 It was nighttime.
 There was a new moon in effect when your adventure ended.
 You had 1124 experience points, 156 more were needed to attain level 8.
 Your score was 6300 before end-of-game adjustments.

Basics:
 You had 0 out of 46 hit points.
 You had all 35 energy points (spell power).
 Your armor class was -3.
 Your wallet contained 1204 zorkmids.
 Autopickup was on for '$!=+?/"' plus thrown.

Final Characteristics:
 Your strength was 17 (limit:18/100).
 Your dexterity was 17 (limit:18).
 Your constitution was 12 (limit:18).
 Your intelligence was 9 (limit:18).
 Your wisdom was 14 (limit:18).
 Your charisma was 11 (limit:18).

Final Status:
 You weren't hungry.
 You were burdened; movement was slightly slowed.
 You were empty handed.
 You had basic skill with martial arts and could have enhanced that.

Final Attributes:
 You were piously aligned.
 You were sleep resistant.
 You were poison resistant.
 You saw invisible.
 You were warned.
 You were stealthy.
 You had a small defense bonus (+4).
 You were guarded.
 Your spell casting was enhanced by wearing a robe.
 You were fast.
 You are dead.

Miscellaneous:
 You didn't encounter any bones levels.
 Total elapsed playing time was 1 hour, 24 minutes and 3 seconds.

Major events:
 Turn
    1: Brudee the chaotic female human Monk entered the dungeon
  599: stole 1569 zorkmids worth of merchandise from Abitibi's general store
  611: attained the rank of Novice (level 3)
 2578: attained the rank of Initiate (level 6)
 2912: killed Holmavik, the general store proprietrix
 3319: entered the Gnomish Mines
 3564: reached Mine Town
 4092: killed by a minotaur

Spells:
 Name                 Level Category     Fail Retention
 healing                1   healing        0%  91%-100%
 jumping                1   escape         0%  76%-100%
 light                  1   divination     0%  76%-100%
 protection             1   clerical       0%  76%-100%

Skills:
 Fighting Skills
   martial arts       [Basic]
 Weapon Skills
   quarterstaff       [Unskilled]
   spear              [Unskilled]
   crossbow           [Unskilled]
   shuriken           [Unskilled]
 Spellcasting Skills
   attack spells      [Unskilled]
   healing spells     [Basic]
   divination spells  [Unskilled]
   enchantment spells [Unskilled]
   clerical spells    [Unskilled]
   escape spells      [Unskilled]
   matter spells      [Unskilled]

Voluntary challenges:
 Character rerolling was not enabled.
 You never genocided any monsters.
 You never polymorphed an object.
 You used no wishes.
Achievements:
 You entered a shop.
 You attained the rank of Novice.
 You attained the rank of Initiate.
 You entered the Gnomish Mines.
 You entered Minetown.
 You entered a temple.

 The Dungeons of Doom: levels 1 to 11
    Level 1:
       A sink.
    Level 2:
       A general store, a fountain.
    Level 3:
       Stairs down to The Gnomish Mines.
    Level 4:
       A general store.
    Level 5:
    Level 6:
    Level 7:
    Level 8:
    Level 9:
    Level 10:
    Level 11:
       A fountain.
 The Gnomish Mines: levels 4 to 8
    Level 4:
    Level 5:
    Level 6:
       Many shops, a temple and an altar, some fountains, some trees.
    Level 7:
    Level 8: <- You were here.
       Final resting place for
          you, killed by a minotaur.


Vanquished creatures:
  a shopkeeper
  a tengu
  a quivering blob
  a raven
  2 rock moles
  a fog cloud
  a shrieker
  7 gnome leaders
  2 gray oozes
 an elf zombie
  a ghoul
  a paper golem
  4 giant ants
  2 floating eyes
  7 dwarves
  3 hill orcs
  4 rothes
  a rabid rat
  2 giant bats
  4 Kop Sergeants
 an orc zombie
  a dwarf zombie
  a werejackal
 an iguana
  2 acid blobs
  a coyote
  2 hobbits
  a large kobold
  a hobgoblin
  3 giant rats
  2 cave spiders
 31 gnomes
  3 Keystone Kops
  2 garter snakes
  a gnome zombie
  2 geckos
  4 jackals
  a fox
  3 goblins
  a sewer rat
  4 grid bugs
  4 lichens
  a kobold zombie
  4 newts
124 creatures vanquished.

No species were genocided or became extinct.

Game over:
                       ----------
                      /          \
                     /    REST    \
                    /      IN      \
                   /     PEACE      \
                  /                  \
                  |      Brudee      |
                  |     1204 Au      |
                  |   killed by a    |
                  |     minotaur     |
                  |                  |
                  |                  |
                  |       2026       |
                 *|     *  *  *      | *
        _________)/\\_//(\/(/\)/\//\/|_)_______

Goodbye Brudee the Monk...

You died in The Gnomish Mines on dungeon level 8 with 6180 points,
and 1204 pieces of gold, after 4092 moves.
You were level 7 with a maximum of 46 hit points when you died.

